Map: Acropolis LE

Players

waINe

  • Race: Terran Terran
  • League: Gold
  • Spawn Location: 11:00

DarwinAwdWnr - Winner!

  • Race: Zerg Zerg
  • Spawn Location: 5:00

VOD

Have the link to the VOD?

Description

Time

  • Played on: June 2, 2019, 11:42 a.m.
  • Length: 6:57
Show
View Real Time Build Order
Export as new Build Order

waINe Terran 

Build Orders:  

Get SALT Encoding   

  12  0:01  SCV  
  13  0:14  SCV  
  14  0:22  Supply Depot  
  14  0:26  SCV  
  15  0:43  SCV  
  15  0:44  Barracks  
  15  0:48  Refinery  
  16  0:55  SCV  
  17  1:07  SCV  
  18  1:20  SCV  
  19  1:32  SCV  
  20  1:36  Reaper, Command Center  
  21  1:44  SCV  
  22  1:56  SCV  
  23  2:09  Supply Depot  
  23  2:12  Supply Depot  
  23  2:26  Barracks Reactor  
  23  2:33  SCV  
  24  2:43  Factory  
  24  2:44  Refinery  
  24  2:45  SCV  
  24  2:49  Barracks  
  24  2:51  Barracks  
  25  2:57  SCV  
  26  3:16  Marine x2  
  28  3:20  Orbital Command  
  28  3:22  Orbital Command  
  28  3:30  Factory Tech Lab  
  28  3:33  Marine x2  
  30  3:38  Starport  
  30  3:39  Barracks Tech Lab  
  30  3:44  Barracks Reactor  
  30  3:50  SCV x2  
  30  3:51  Marine x2  
  34  4:02  SCV  
  35  4:06  Marine  
  35  4:09  Marine  
  37  4:13  Stimpack  
  37  4:15  SCV x2  
  39  4:19  Starport Reactor  
  39  4:26  Factory  
  39  4:27  SCV x2  
  41  4:36  Refinery  
  41  4:39  Refinery, SCV x2  
  43  4:47  Marauder  
  43  4:48  Marine x2  
  43  4:51  SCV x2  
  49  4:55  Engineering Bay  
  49  4:58  Engineering Bay  
  49  5:03  SCV x2  
  51  5:09  Marauder  
  53  5:15  SCV  
  53  5:21  Supply Depot  
  54  5:30  Marine  
  54  5:31  Marine  
  54  5:36  Marine  
  54  5:38  Marine  
  54  5:39  Marine  
  54  5:42  Cyclone  
  56  5:48  Marine  
  56  5:49  Marine  
  57  5:54  Marine  
  57  5:56  Marine x2  
  58  6:03  Factory Tech Lab  
  49  6:06  Marine  
  49  6:07  Marine  
  40  6:12  Marine  
  40  6:14  Cyclone, Marine x2  
  34  6:24  Marine x2  
  31  6:30  Marine  
  31  6:31  Marine  
  31  6:32  Marine  
Show
View Real Time Build Order
Export as new Build Order

DarwinAwdWnr Zerg - Winner!

Build Orders: Hatch First 

Get SALT Encoding   

  12  0:01  Drone  
  13  0:12  Drone  
  14  0:17  Overlord  
  14  0:35  Drone x3  
  17  0:54  Hatchery  
  16  0:59  Drone  
  16  1:01  Drone  
  18  1:05  Extractor  
  18  1:08  Drone  
  18  1:20  Spawning Pool  
  17  1:26  Overlord  
  17  1:40  Drone  
  17  1:44  Drone  
  19  1:53  Drone  
  20  2:02  Drone  
  21  2:10  Zergling x2, Queen x2  
  21  2:15  Zergling x2  
  27  2:17  Metabolic Boost  
  27  2:24  Drone x2  
  29  2:41  Drone x3  
  32  2:44  Overlord  
  32  2:48  Queen  
  34  3:20  Drone  
  34  3:21  Drone x8  
  34  3:25  Hatchery  
  42  3:32  Lair  
  42  4:03  Extractor  
  42  4:07  Extractor  
  40  4:16  Overlord x2  
  40  4:24  Zergling x2  
  40  4:25  Zergling x6  
  40  4:26  Overlord  
  40  4:27  Overlord, Hatchery  
  43  4:33  Nydus Network  
  43  4:36  Zergling x2  
  43  4:37  Zergling x6  
  46  4:49  Zergling x12  
  52  4:58  Overlord  
  52  5:11  Nydus Canal  
  52  5:13  Zergling x2  
  55  5:14  Zergling x16  
  58  5:36  Nydus Canal  
  58  5:38  Zergling x18  
  63  5:46  Zergling x2  
  63  5:47  Zergling x4  
  63  6:02  Zergling x2  
  63  6:03  Zergling x12  
  63  6:13  Zergling x2  
  63  6:16  Nydus Canal  
  63  6:21  Zergling x4  
  63  6:22  Zergling x10  
  68  6:35  Spire  
Tags
 
League
Gold
Matchup
TvZ
Replay Pack
10.7.19
Spawn Locations
Cross Positions
Add a new tag
Caveats
  • Supply blocks, unpowered buildings, or Contaminate may cause inaccurate times.
  • Supply counts are checked every 10 seconds.